 Dungeon Crawl Stone Soup version 0.28-b1-1-g3c77fb2ed1 (webtiles) character file.

Game seed: 8552353016243099190

203 Akaron the Conjurer (level 5, -10/31 HPs)
             Began as an Octopode Conjurer on Jan 30, 2022.
             Mangled by a worm (11 damage)
             ... on level 4 of the Dungeon.
             The game lasted 00:10:18 (3872 turns).

Akaron the Conjurer (Octopode Conjurer)             Turns: 3872, Time: 00:10:19

Health: -10/31     AC:  1    Str:  7    XL:     5   Next: 81%
Magic:  1/10       EV: 13    Int: 22    God:
Gold:   142        SH:  0    Dex: 10    Spells: 1/11 levels left

rFire   . . .      SeeInvis +   p - staff of conjuration
rCold   . . .      Faith    .   (no shield)
rNeg    . . .      Spirit   .   (helmet restricted)
rPois   .          Reflect  .   (no amulet)
rElec   .          Harm     .   o - ring of wizardry
rCorr   .          Rampage  .   q - ring of see invisible
Will    .....                   (no ring)
Stlth   +++.......              (no ring)
HPRegen 0.10/turn               (no ring)
MPRegen 0.12/turn               (no ring)
                                (no ring)
                                (no ring)

@: no status effects
A: almost no armour, amphibious, 8 rings, camouflage 1, gelatinous body 1,
(nimble swimmer 1), tentacles
a: no special abilities


You were on level 4 of the Dungeon.
You visited 1 branch of the dungeon, and saw 4 of its levels.

You collected 142 gold pieces.

Inventory:

Hand Weapons
 a - a +0 hand axe
 e - a +1 long sword of holy wrath
Missiles
 g - 2 poisoned darts
 h - 2 atropa-tipped darts
Magical Staves
 p - a staff of conjuration (weapon)
Jewellery
 o - a ring of wizardry (left tentacle)
 q - a ring of see invisible (right tentacle)
 s - a ring of flight
Scrolls
 c - a scroll of identify
 i - 2 scrolls of teleportation {unknown}
 j - a scroll of enchant armour {unknown}
 m - 2 scrolls of vulnerability {unknown}
 n - a scroll of fear {unknown}
Potions
 b - 2 potions of heal wounds {unknown}
 d - 2 potions of flight {unknown}
 f - 3 potions of invisibility
 k - a potion of berserk rage {unknown}
 l - 2 potions of haste {unknown}
 r - a potion of might {unknown}


   Skills:
 - Level 0.4 Long Blades
 + Level 0.1 Staves
 + Level 2.3 Dodging
 - Level 3.0 Stealth
 + Level 3.6 Spellcasting
 + Level 5.5 Conjurations
 * Level 0.7 Hexes


You had one spell level left.
You knew the following spells:

 Your Spells              Type           Power      Damage    Failure   Level
a - Magic Dart            Conj           100%       1d8       1%          1
b - Searing Ray           Conj           84%        2d7       1%          2
c - Dazzling Flash        Conj/Hex       52%        N/A       4%          3
d - Fulminant Prism       Conj/Hex       13%        3d9       13%         4

Your spell library contained the following spells:

 Spells                   Type           Power      Damage    Failure   Level
 Foxfire                  Conj/Fire      96%        2x1d8     1%          1
 Conjure Flame            Conj/Fire      24%        6-21      4%          3
 Inner Flame              Hex/Fire       5%         N/A       12%         3
 Flame Wave               Conj/Fire      24%        2d7       16%         4
 Iskenderun's Mystic Bla  Conj/Tloc      24%        2d7       16%         4


Dungeon Overview and Level Annotations

Branches:
Dungeon (4/15)
 Temple: D:4-7

Altars:

Annotations:
D:4 Eustachio, Menkaure


Innate Abilities, Weirdness & Mutations

You cannot wear most types of armour.
You are amphibious.
You can wear up to eight rings at the same time.
Your skin changes colour to match your surroundings (Stealth+).
Your rubbery body absorbs attacks. (AC +1, EV +1)
((You are camouflaged when in or above water. (Stealth+)))
You have tentacles for arms and can constrict up to eight enemies at once.


Message History

The searing ray hits Eustachio.
Eustachio is moderately wounded.
Eustachio gestures wildly while chanting.
Eustachio blinks!
You finish channelling your searing ray.
Casting: Searing Ray (safe; 1% risk of failure)
Confirm with . or Enter, or press ? or * to list all spells.
Aiming: Searing Ray (safe; 1% risk of failure)
Press: ? - help, Shift-Dir - straight line, f/p - Eustachio
Aim: Eustachio, wielding a +0 rapier and wearing a +0 leather armour (moderately wounded, 75% to hit)
You feel a surge of power!
The searing ray hits the hobgoblin!
You kill the hobgoblin!
The searing ray hits Eustachio but does no damage.
Eustachio is moderately wounded. (Press . to maintain the ray.)
The searing ray hits Eustachio.
Eustachio is heavily wounded.
Eustachio hits you with a +0 rapier!
The searing ray hits Eustachio!
Eustachio is severely wounded.
Eustachio mumbles some strange words.
The searing ray hits Eustachio!
Eustachio is almost dead.
You finish channelling your searing ray.
Eustachio gestures wildly while chanting.
Eustachio blinks!
The shadow imp hits you.
You barely miss the shadow imp. You grab the shadow imp.
You constrict the shadow imp, but do no damage.
The shadow imp hits you. The worm bites you!
* * * LOW HITPOINT WARNING * * *
You hit the shadow imp. Your squeeze misses the shadow imp.
The shadow imp is moderately wounded.
You constrict the shadow imp. The crimson imp hits you.
* * * LOW HITPOINT WARNING * * *
The shadow imp barely misses you.
You barely miss the shadow imp. You squeeze the shadow imp.
You kill the shadow imp!
The shadow imp disappears in a puff of smoke!
The crimson imp barely misses you. The worm bites you!
You die...

##############
#5@ยง.........#
......w##########.#
....).@ ......#.# ##
....... ........#.#####.
.##......+......#.#.....
#..... #......#.###..#
#.### #.....^#....... #.
#......#######. #...
###.# #.


You could see Eustachio, a worm and a crimson imp (summoned).

Vanquished Creatures
  A scorpion (D:4)
  3 gnolls (D:4)
  5 adders
  An adder skeleton (D:3)
  A worm (D:2)
  5 orcs
  4 ball pythons
  8 endoplasms
  3 giant cockroaches
  8 hobgoblins
  A quokka (D:2)
  3 bats
  2 frilled lizards
  9 goblins
  5 kobolds
  2 rats (D:3)
61 creatures vanquished.

Notes
Turn   | Place    | Note
-------+----------+-------------------------------------------
     0 | D:1      | Akaron the Octopode Conjurer began the quest for the Orb.
     0 | D:1      | Reached XP level 1. HP: 11/11 MP: 3/3
   201 | D:1      | Reached XP level 2. HP: 17/17 MP: 0/5
   473 | D:1      | Learned a level 2 spell: Searing Ray
   546 | D:1      | Found a faded altar of an unknown god.
   759 | D:1      | Reached XP level 3. HP: 18/21 MP: 4/6
  1485 | D:2      | Reached XP level 4. HP: 27/27 MP: 1/7
  1964 | D:3      | Reached skill level 5 in Conjurations
  3245 | D:4      | Reached XP level 5. HP: 25/31 MP: 2/9
  3443 | D:4      | Noticed Menkaure
  3497 | D:4      | Learned a level 3 spell: Dazzling Flash
  3502 | D:4      | Learned a level 4 spell: Fulminant Prism
  3637 | D:4      | Noticed an ice beast
  3861 | D:4      | Noticed Eustachio
  3871 | D:4      | HP: 1/31 [crimson imp[Eustachio] (2)]
  3872 | D:4      | Mangled by a worm

Illustrated notes

Levels and vault maps discovered:
D:1:      mainiacjoe_arrival_reflecting_pool, layout_loops_ring,
          dreamdust_ecumenical_altar_statues
D:2:      layout_basic, kennysheep_generic_room_8
D:3:      layout_basic
D:4:      layout_basic, serial_co_window_serial, co_window_paths_a,
          co_window_of_opportunity_a, co_window_paths_b, co_window_corner_a,
          co_window_paths_a, co_window_corner_a, co_window_broadway_a,
          co_window_corner_cb, co_window_2corner, co_window_of_opportunity_b,
          co_window_corner_ca, co_window_of_opportunity_b, glass_columns_c,
          glass_columns_a, glass_columns_b, kennysheep_generic_room_3,
          uniq_eustachio, uniq_menkaure

Skill      XL: |  1  2  3  4 |
---------------+-------------+-----
Stealth        | 3 |  3.0
Conjurations   | 5 |  5.5
Spellcasting   | 3 |  3.6
Long Blades    | |  0.4
Staves         | |  0.1
Dodging        | |  2.3
Hexes          | |  0.7

Action                   |  1- 3 |  4- 6 || total
-------------------------+-------+-------++-------
Melee: Unarmed           |     7 |       ||     7
       Tentacles         |     3 |     1 ||     4
       Constrict         |     2 |     3 ||     5
       Long sword        |     5 |     2 ||     7
       Staff             |       |     6 ||     6
 Cast: Magic Dart        |    69 |    46 ||   115
       Searing Ray       |       |     6 ||     6
  Use: Scroll            |       |     1 ||     1
Armor: Skin              |     2 |       ||     2
Dodge: Dodged            |    13 |    14 ||    27
